 Dungeon Crawl Stone Soup version 0.16-a0-110-ge8ded92 (webtiles) character file.

73878 Ratboiler the Impaler (level 15, -8/122 HPs)
             Began as a Merfolk Gladiator on Aug 10, 2014.
             Was a High Priest of Okawaru.
             Killed by divine providence
             ... invoked by a smoke demon
             ... summoned by an orc high priest
              (11 damage)
             ... on Level 4 of the Orcish Mines.
             The game lasted 02:16:16 (31056 turns).

Ratboiler the Impaler (Merfolk Gladiator)          Turns: 31056, Time: 02:16:17

HP  -8/122       AC 29     Str 18      XL: 15   Next: 44%
MP  38/38        EV  9     Int 11 (13) God: Okawaru [*****.]
Gold 2006        SH  2     Dex 16      Spells:  1 memorised, 13 levels left

rFire  + + .     SeeInvis .     a - +2 glaive (venom)
rCold  . . .     Clarity  .     x - +1 plate armour {rF+}
rNeg   . . .     rCorr    .     (no shield)
rPois  .         rRot     .     y - +3 hat of Pondering {ponderous, MR+ MP+10 Int+5}
rElec  .         Spirit   .     T - +1 cloak {MR+}
SustAb .         Warding  .     S - +2 pair of gloves
rMut   .         Stasis   .     z - +2 pair of boots
Gourm  .                        (no amulet)
MR     ++++.                    A - ring of protection from magic
                                e - ring of protection from fire

@: slow, incredibly resistant to hostile enchantments, extremely unstealthy
A: change form in water, swift swim, fangs 1, large bone plates 1, clumsy 1,
deterioration 1
a: Heroism, Finesse, Renounce Religion


You were on level 4 of the Orcish Mines.
You worshipped Okawaru.
Okawaru was extremely pleased with you.
You were not hungry.

You visited 3 branches of the dungeon, and saw 26 of its levels.
You also visited: Labyrinth.

You collected 2146 gold pieces.
You spent 140 gold pieces at shops.

Inventory:

Hand weapons
 a - a +2 glaive of venom (weapon)
 b - a +0 blowgun
Missiles
 t - 8 curare-tipped needles
 E - 38 poisoned needles
 H - 2 needles of slowing
 R - 8 tomahawks of returning (quivered)
 X - 10 steel tomahawks
Armour
 x - a +1 plate armour of fire resistance (worn)
 y - the +3 hat of Pondering (worn) {ponderous, MR+ MP+10 Int+5}
   (You took it off Gastronok on level 12 of the Dungeon)

   It affects your intelligence (+5).
   It affects your resistance to hostile enchantments.
   It affects your magic capacity (+10).
 z - a +2 pair of boots (worn)
 S - a +2 pair of gloves (worn)
 T - a +1 cloak of magic resistance (worn)
Magical devices
 j - a wand of fire (1)
 o - a wand of confusion (12)
 G - a wand of digging (14)
 I - a wand of digging (24)
 M - a wand of fireball (6)
 N - a wand of fire (1)
 V - a wand of cold (8)
Comestibles
 d - a rotting chunk of orc flesh
 f - 11 bread rations
 i - 9 meat rations
 l - 4 chunks of orc flesh
 U - 10 fruits
Scrolls
 h - 6 scrolls of teleportation
 k - 7 scrolls of magic mapping
 p - 7 scrolls of identify
 u - 9 scrolls of remove curse
Jewellery
 e - a ring of protection from fire (left hand)
 g - an uncursed ring of teleport control
 q - an uncursed ring of protection from cold
 w - an uncursed ring of see invisible
 A - a ring of protection from magic (right hand)
Potions
 c - a potion of haste
 r - a potion of agility
 s - a potion of invisibility
 v - 3 potions of heal wounds
 C - 2 potions of curing
 L - a potion of berserk rage
 P - a potion of resistance
 Y - a potion of restore abilities


   Skills:
 + Level 12.6 Fighting
 - Level 20.3 Polearms
 - Level 2.0 Throwing
 + Level 9.0 Armour
 + Level 14.3 Dodging
 - Level 10.1 Invocations
 * Level 5.9 Evocations


You had 13 spell levels left.
You knew the following spells:

 Your Spells              Type           Power        Failure   Level  Hunger
a - Summon Butterflies    Summ           #.......     100%        1    ##.....


Dungeon Overview and Level Annotations

Branches:
Dungeon (14/15) Temple (0/1) D:6 D:7 Orc (4/4) D:9 Elf (0/3) Orc:3 Lair (8/8) D:11 Swamp (0/5) Lair:5 Snake (0/5) Lair:4 Slime (0/6) Lair:7 Vaults: D:13-14

Altars:
Ashenzari
Elyvilon
Gozag
Makhleb
Okawaru
Sif Muna
Vehumet
Yredelemnul
Jiyva

Shops:
D:4 !   D:9 *   Orc:3 :   Orc:4 [=*

Annotations:
D:3 Sar's ghost, average NaWn
D:4 Ratboiler's ghost, experienced MfGl
Lair:1 exclusion: oklob plant


Innate Abilities, Weirdness & Mutations

You revert to your normal form in water.
You are very nimble and swift while swimming.
You have very sharp teeth.
You are partially covered in large bone plates (AC +2, SH +2).
You are clumsy. (Dex -2)
Your body is slowly deteriorating.


Message History

You are covered in liquid flames!
The sixfirhy hits you but does no damage.
The sixfirhy hits you. The sixfirhy shocks you!
The sixfirhy hits you but does no damage. x2
The smoke demon gestures at you. Something smites you!
* * * LOW HITPOINT WARNING * * *
The sixfirhy hits you but does no damage.
The sixfirhy closely misses you. The smoke demon gestures at you.
Something smites you!
* * * LOW HITPOINT WARNING * * *
The sixfirhy hits you but does no damage.
The sixfirhy hits you!
* * * LOW HITPOINT WARNING * * *
The sixfirhy shocks you!
* * * LOW HITPOINT WARNING * * *
The smoke demon gestures at you. Something smites you!
You die...

P.P4.P.................#.......
P...........##....<...###.#....
4.....4.....###........#........
....P.......###........)#.#....
.∩§..5.....<.##.........#.......
.38.................#...........
.P.o............................
P..P..#4..........#...P.P......#
..P....o.o.#....@#............##
............#...4#...........###
#####.#.##.....##......∩........
#######.#.##..o...........##
#######3o....8..P....
#...............
#.#((............
####..).....#... ##....##....


You could see an orc high priest, a sixfirhy, a smoke demon and an orc.

Vanquished Creatures
  Maud (Lair:4)
  An orc warlord (Orc:4)
  Gastronok (D:12)
  The ghost of Ratboiler the Severer, a powerful HOGl of Okawaru (Orc:4)
  Snorg (D:14)
  A minotaur (Lab)
  A hydra (D:12)
  Fannar (D:12)
  Harold (D:11)
  A centaur warrior (D:13)
  Erica (D:12)
  The ghost of Deemzul the Fighter, an experienced DsFi of Okawaru (D:11)
  The ghost of Conn321 the Thaumaturge, a powerful DEFE of Vehumet (Orc:4)
  7 death yaks
  A tengu warrior (D:13)
  3 orc high priests (Orc:4)
  Nergalle (D:10)
  2 unseen horrors
  4 hill giants
  5 orc sorcerers (Orc:4)
  2 orc knights
  A manticore (D:11)
  A lindwurm (Lair:8)
  4 ugly things
  20 elephants
  5 cyclopes
  A black mamba (shapeshifter) (D:13)
  A black mamba (Lair:3)
  4 gargoyles
  20 spiny frogs
  Psyche (D:9)
  2 komodo dragons
  2 trolls
  5 fire drakes (Lair:8)
  A tengu conjurer (D:13)
  2 polar bears (Lair:1)
  15 blink frogs
  A raven (D:13)
  2 two-headed ogres
  3 basilisks
  A deep elf mage (D:11)
  4 wyverns
  A neqoxec (Orc:4)
  14 hippogriffs
  29 yaks
  A hungry ghost (D:12)
  A hill giant skeleton (D:9)
  13 water moccasins
  Menkaure (D:4)
  21 wolves
  4 sky beasts
  6 swamp worms (Lair:5)
  A phantom (D:11)
  4 black bears
  3 ice beasts
  9 porcupines
  24 orc warriors
  10 ogres
  2 boring beetles
  10 centaurs
  2 necrophages
  5 big kobolds
  14 crocodiles
  A komodo dragon zombie (D:13)
  22 giant frogs
  2 cyclops skeletons (D:11)
  An eye of draining (D:7)
  5 scorpions
  A hippogriff skeleton (D:10)
  6 electric eels
  4 wights (D:11)
  14 killer bees
  A centaur zombie (D:6)
  5 crimson imps
  10 hounds
  A giant frog zombie (D:5)
  3 goliath beetles
  3 giant frog skeletons
  8 iguanas
  9 orc priests
  15 orc wizards
  2 spectral orcs (D:10)
  19 sheep
  7 worker ants
  Ijyb (D:7)
  A mummy (Lair:1)
  A hound skeleton (D:4)
  7 adders
  3 gnolls
  30 green rats
  2 worker ant zombies
  2 worms (D:3)
  4 shadow imps
  An orc skeleton (D:4)
  4 giant geckos
  An ooze (D:1)
  119 orcs
  3 ball pythons
  2 bat skeletons
  A bat zombie (D:7)
  6 giant cockroaches
  14 goblins
  26 hobgoblins
  18 jackals
  30 kobolds
  8 quokkas
  17 bats
  5 giant newts
  A hobgoblin zombie (D:6)
  A quokka zombie (D:5)
  27 rats
  6 ballistomycetes (D:9)
  2 bushes
  7 plants (D:10)
798 creatures vanquished.

Vanquished Creatures (others)
  A raven (D:13)
  3 green rats
  A giant spore (D:9)
  A ballistomycete (D:9)
  11 fungi
  6 plants
23 creatures vanquished.

Grand Total: 821 creatures vanquished

Notes
Turn   | Place    | Note
--------------------------------------------------------------
     0 | D:1      | Ratboiler, the Merfolk Gladiator, began the quest for the Orb.
     0 | D:1      | Reached XP level 1. HP: 16/16 MP: 1/1
   155 | D:1      | Reached XP level 2. HP: 23/23 MP: 2/2
   486 | D:2      | Reached skill level 5 in Polearms
   628 | D:2      | Found an iron altar of Okawaru.
   640 | D:2      | Became a worshipper of Warmaster Okawaru
   769 | D:2      | Reached XP level 3. HP: 28/28 MP: 3/3
  1397 | D:3      | Reached skill level 6 in Polearms
  1397 | D:3      | Reached XP level 4. HP: 12/34 MP: 4/4
  1848 | D:3      | Noticed Sar's ghost (average NaWn)
  2335 | D:4      | Reached skill level 1 in Armour
  2413 | D:4      | Reached XP level 5. HP: 40/40 MP: 5/5
  2440 | D:4      | Found Paevuof's Distillery.
  2448 | D:4      | Bought a potion of restore abilities for 42 gold pieces
  2448 | D:4      | Bought a potion of curing for 28 gold pieces
  2448 | D:4      | Bought 2 potions of agility for 70 gold pieces
  2474 | D:4      | Reached skill level 7 in Polearms
  2659 | D:3      | Reached skill level 5 in Dodging
  2659 | D:3      | Reached XP level 6. HP: 30/47 MP: 6/6
  3424 | D:4      | Acquired Okawaru's first power
  3819 | D:4      | Noticed Ratboiler's ghost (experienced MfGl)
  3960 | D:4      | Noticed Menkaure
  3967 | D:4      | Killed Menkaure
  3967 | D:4      | Reached skill level 8 in Polearms
  3990 | D:4      | Reached XP level 7. HP: 48/53 MP: 7/7
  4034 | D:4      | Gained mutation: Your magical capacity is low (-10% MP). [potion of mutation]
  4034 | D:4      | Gained mutation: Your muscles are strong. (Str +2) [potion of mutation]
  4034 | D:4      | Gained mutation: You are frail (-10% HP). [potion of mutation]
  4076 | D:5      | Entered Level 5 of the Dungeon
  4837 | D:6      | Reached skill level 9 in Polearms
  5148 | D:6      | Found a staircase to the Ecumenical Temple.
  5204 | D:6      | Reached XP level 8. HP: 54/54 MP: 7/7
  5419 | D:6      | Reached skill level 10 in Polearms
  5651 | D:7      | Found a staircase to the Ecumenical Temple.
  5688 | D:7      | Reached skill level 5 in Fighting
  5860 | D:7      | Found a deep blue altar of Sif Muna.
  5927 | D:7      | Reached skill level 11 in Polearms
  5948 | D:7      | Noticed Ijyb
  5956 | D:7      | Killed Ijyb
  6379 | D:7      | Found a burning altar of Makhleb.
  6380 | D:7      | Found a radiant altar of Vehumet.
  6383 | D:7      | Reached XP level 9. HP: 61/61 MP: 8/8
  6825 | D:8      | Reached skill level 12 in Polearms
  6856 | D:8      | Found a basalt altar of Yredelemnul.
  8622 | D:9      | Noticed Psyche
  8920 | D:9      | Found a white marble altar of Elyvilon.
  9008 | D:9      | Reached skill level 1 in Invocations
  9391 | D:9      | Reached skill level 13 in Polearms
  9391 | D:9      | Reached XP level 10. HP: 29/69 MP: 7/10
  9400 | D:9      | Killed Psyche
  9633 | D:10     | Entered Level 10 of the Dungeon
 10021 | D:10     | Noticed a hill giant
 10080 | D:10     | Killed a hill giant
 10336 | D:10     | Noticed an unseen horror
 10343 | D:10     | Killed an unseen horror
 10544 | D:10     | Reached skill level 5 in Armour
 10720 | D:11     | Noticed a manticore
 10737 | D:11     | Killed a manticore
 10737 | D:11     | Reached skill level 14 in Polearms
 11204 | D:11     | Noticed a hill giant
 11517 | D:10     | Noticed a hill giant
 11538 | D:10     | Killed a hill giant
 11538 | D:10     | Reached XP level 11. HP: 34/77 MP: 13/16
 11737 | D:10     | Noticed a hill giant
 11746 | D:10     | Killed a hill giant
 11995 | D:10     | Acquired Okawaru's second power
 12011 | D:10     | Reached skill level 5 in Invocations
 12012 | D:10     | Noticed Nergalle
 12055 | D:10     | Killed Nergalle
 12055 | D:10     | Reached skill level 10 in Dodging
 12322 | D:10     | Found an opulent altar of Gozag.
 12621 | D:11     | Reached skill level 15 in Polearms
 12625 | D:11     | Noticed Harold
 12863 | D:11     | Killed Harold
 13223 | D:11     | Received a gift from Okawaru
 13274 | D:11     | Received a gift from Okawaru
 13442 | D:11     | Noticed a red ugly thing
 13454 | D:11     | Noticed a purple ugly thing
 13456 | D:11     | Killed a red ugly thing
 13466 | D:11     | Killed a purple ugly thing
 13508 | D:11     | Found a staircase to the Lair.
 13604 | D:11     | Noticed Deemzul's ghost (experienced DsFi)
 13622 | Lair:1   | Entered Level 1 of the Lair of Beasts
 13814 | Lair:1   | Reached XP level 12. HP: 35/85 MP: 17/19
 14186 | Lair:1   | Reached skill level 16 in Polearms
 16140 | Lair:2   | Learned a level 1 spell: Summon Butterflies
 16415 | Lair:2   | Received a gift from Okawaru
 16600 | Lair:3   | Reached skill level 17 in Polearms
 17176 | Lair:3   | Reached skill level 10 in Fighting
 17642 | Lair:3   | Reached XP level 13. HP: 87/92 MP: 21/21
 17668 | Lair:3   | Received a gift from Okawaru
 17743 | Lair:3   | Received a gift from Okawaru
 18047 | Lair:4   | Reached skill level 18 in Polearms
 19318 | Lair:4   | Noticed Maud
 19336 | Lair:4   | Killed Maud
 19596 | Lair:4   | Found a staircase to the Snake Pit.
 19909 | Lair:5   | Found a labyrinth entrance.
 19927 | Lab      | Entered a labyrinth
 21397 | Lab      | Noticed a minotaur
 21412 | Lab      | Killed a minotaur
 21412 | Lab      | Reached skill level 19 in Polearms
 21417 | Lab      | Identified the Collected Works on Noxious Companions
 21418 | Lab      | Got a dazzling leather armour
 21422 | Lab      | Identified the +2 leather armour of the Pirate {Slay+5} (You found it in a labyrinth)
 21427 | Lair:5   | Identified a -1 rod of destruction (2/10) (You took it off a minotaur in a labyrinth)
 22473 | Lair:5   | Found a staircase to the Swamp.
 22735 | Lair:5   | Reached XP level 14. HP: 53/101 MP: 24/24
 23858 | Lair:8   | Entered Level 8 of the Lair of Beasts
 24596 | Lair:7   | Received a gift from Okawaru
 24854 | Lair:7   | Found a staircase to the Slime Pits.
 24876 | Lair:7   | Found a viscous altar of Jiyva.
 25286 | D:11     | Gained mutation: Your spells are a little harder to cast, but a little more powerful. [potion of beneficial mutation]
 25342 | D:11     | Lost mutation: Your magical capacity is low (-10% MP). [potion of cure mutation]
 25342 | D:11     | Lost mutation: Your spells are a little harder to cast, but a little more powerful. [potion of cure mutation]
 25342 | D:11     | Lost mutation: Your muscles are strong. (Str +2) [potion of cure mutation]
 25342 | D:11     | Lost mutation: You are frail (-10% HP). [potion of cure mutation]
 25435 | D:11     | Killed a hill giant
 25435 | D:11     | Received a gift from Okawaru
 25456 | D:11     | Killed Deemzul's ghost
 26023 | D:11     | Noticed a brown ugly thing
 26041 | D:11     | Killed a brown ugly thing
 26108 | D:11     | Reached skill level 20 in Polearms
 26262 | D:12     | Reached skill level 10 in Invocations
 26263 | D:12     | Noticed Gastronok
 26289 | D:12     | Killed Gastronok
 26582 | D:12     | Noticed Erica
 26588 | D:12     | Noticed Fannar
 26589 | D:12     | Killed Erica
 26602 | D:12     | Killed Fannar
 27222 | D:12     | Found a shattered altar of Ashenzari.
 27490 | D:13     | Reached skill level 1 in Evocations
 27949 | D:13     | Reached XP level 15. HP: 108/120 MP: 28/28
 28353 | D:14     | Noticed Snorg
 28366 | D:14     | Killed Snorg
 28661 | D:9      | Found Wialur's Assorted Antiques.
 28662 | D:9      | Found a staircase to the Orcish Mines.
 28671 | Orc:1    | Entered Level 1 of the Orcish Mines
 29158 | Orc:3    | Found a staircase to the Elven Halls.
 29256 | Orc:3    | Found Gykoll's Book Shoppe.
 29676 | Orc:4    | Entered Level 4 of the Orcish Mines
 29700 | Orc:4    | Noticed Conn321's ghost (powerful DEFE)
 29896 | Orc:4    | Found Twomoigg's Jewellery Shoppe.
 29972 | Orc:4    | Killed Conn321's ghost
 30341 | Orc:4    | Found Waxzeaha's Antique Armour Boutique.
 30351 | Orc:4    | Gained mutation: Your body is slowly deteriorating. [a neqoxec]
 30354 | Orc:4    | Gained mutation: You are clumsy. (Dex -2) [a neqoxec]
 30355 | Orc:4    | Gained mutation: You are partially covered in large bone plates (AC +2, SH +2). [a neqoxec]
 30383 | Orc:4    | Reached skill level 5 in Evocations
 30575 | Orc:4    | Found Kaumatuq's General Store.
 30610 | Orc:4    | Gained mutation: You have very sharp teeth. [a neqoxec]
 30813 | Orc:4    | Noticed Ratboiler's ghost (powerful HOGl)
 30829 | Orc:4    | Killed Ratboiler's ghost
 31056 | Orc:4    | HP: 3/122 [sixfirhy[an orc high priest] (8)]
 31056 | Orc:4    | Killed from afar by a smoke demon

Action                   |  1- 3 |  4- 6 |  7- 9 | 10-12 | 13-15 || total
-------------------------+-------+-------+-------+-------+-------++-------
Melee: Trident           |   124 |       |       |       |       ||   124
       Halberd           |       |   163 |    80 |   526 |       ||   769
       Glaive            |       |       |   298 |   413 |  1525 ||  2236
 Fire: Shortbow          |       |       |       |     2 |     3 ||     5
Throw: Throwing net      |       |       |       |     1 |       ||     1
       Tomahawk          |       |       |       |       |     3 ||     3
Invok: Heroism           |       |     1 |     6 |    15 |    20 ||    42
       Finesse           |       |       |       |     2 |     7 ||     9
Evoke: Wand              |       |       |     2 |     2 |    10 ||    14
  Use: Potion            |       |     3 |     2 |     8 |    10 ||    23
       Scroll            |       |       |     8 |    13 |    17 ||    38
 Stab: Distracted        |       |       |     1 |     1 |       ||     2
       Confused          |       |       |       |       |     1 ||     1
  Eat: Chunk             |     2 |     4 |    11 |    15 |    26 ||    58
       Beef jerky        |       |     2 |       |     3 |     3 ||     8
       Meat ration       |       |       |     1 |       |       ||     1
       Pizza             |       |       |     1 |     1 |       ||     2
       Royal jelly       |       |       |       |     1 |     1 ||     2
       Fruit             |       |       |       |     7 |    16 ||    23
